 Dungeon Crawl Stone Soup version 0.17.1-1-g73c8601 (webtiles) character file.

234 Ponchio the Conjurer (level 5, 0/28 HPs)
             Began as a Deep Elf Venom Mage on Dec 29, 2015.
             Slain by a river rat (4 damage)
             ... in a sewer.
             The game lasted 00:40:24 (4243 turns).

Ponchio the Conjurer (Deep Elf Venom Mage)          Turns: 4243, Time: 00:40:24

Health: 0/28       AC:  4    Str:  5    XL:     5   Next: 75%
Magic:  0/11       EV: 13    Int: 21    God:
Gold:   166        SH:  0    Dex: 15    Spells: 3 memorised, 4 levels left

rFire  + . .     SeeInvis .     p - +1 dagger (venom)
rCold  x . .     Clarity  .     a - +0 robe
rNeg   . . .     SustAt   .     (no shield)
rPois  .         Gourm    .     (no helmet)
rElec  .         Spirit   .     (no cloak)
rCorr  .         Warding  .     g - +1 pair of gloves
rMut   .         Stasis   .     (no boots)
MR     .....                    (no amulet)
Stlth  ++........               (no ring)
                                m - ring of fire

@: very slightly contaminated, not resistant to hostile enchantments, unstealthy
A: no striking features
a: no special abilities


You were in a sewer.
You were not hungry.

You visited 1 branch of the dungeon, and saw 4 of its levels.
You also visited: Sewer.

You collected 166 gold pieces.

Inventory:

Hand Weapons
 p - a +1 dagger of venom (weapon)
Armour
 a - a +0 robe (worn)
 g - a +1 pair of gloves (worn)
 n - a cursed +0 leather armour
Jewellery
 m - a ring of fire (left hand)
Wands
 h - a wand of digging (14)
Scrolls
 e - a scroll of enchant weapon
 f - a scroll of identify
 i - a scroll of recharging
 t - 2 scrolls of remove curse
Potions
 d - 3 potions of might
 j - 3 potions of agility
 l - a potion of flight
 o - a potion of haste
 s - a potion of brilliance {unknown}
Books
 b - a Young Poisoner's Handbook

   Spells                             Type                      Level
   a - Sting                          Conjuration/Poison           1
   b - Cure Poison                    Poison                       2
   c - Mephitic Cloud                 Conjuration/Poison/Air       3
   d - Olgreb's Toxic Radiance        Poison                       4
   e - Venom Bolt                     Conjuration/Poison           5
Comestibles
 c - 2 bread rations
 r - 2 beef jerkies


   Skills:
 - Level 2.4 Dodging
 - Level 2.4 Stealth
 - Level 3.0 Spellcasting
 + Level 5.3 Conjurations
 - Level 2.5 Air Magic
 - Level 4.3 Poison Magic


You had 4 spell levels left.
You knew the following spells:

 Your Spells              Type           Power        Failure   Level  Hunger
a - Sting                 Conj/Pois      ###.         1%          1    None
b - Mephitic Cloud        Conj/Pois/Air  ###.....     10%         3    ###....
c - Cure Poison           Pois           ###.......   3%          2    ##.....


Dungeon Overview and Level Annotations

Branches:
Dungeon (4/15)             Temple (0/1) D:4

Altars:
Gozag

Annotations:
D:3 ady5's ghost, weakling SpEn


Message History

Aiming: Sting
Press: ? - help, Shift-Dir - straight line, f - river rat
Aim: a river rat The sting hits the river rat.
The river rat is poisoned.
The river rat is heavily wounded.
Casting: Sting
Confirm with . or Enter, or press ? or * to list all spells.
Aiming: Sting
Press: ? - help, Shift-Dir - straight line, f/p - river rat
Aim: a river rat (heavily wounded, poisoned)
The sting misses the river rat.
Casting: Sting
Confirm with . or Enter, or press ? or * to list all spells.
Aiming: Sting
Press: ? - help, Shift-Dir - straight line, f/p - river rat
Aim: a river rat (heavily wounded, poisoned)
The sting hits the river rat.
The river rat appears unharmed.
The river rat is heavily wounded.
The river rat bites you.
You die...

≈≈≈≈≈≈≈..r.#
≈≈≈≈≈≈.....
≈≈≈≈≈≈...r#
≈≈≈≈≈....r
≈≈≈≈≈....#
≈≈≈≈≈.... ###
≈≈≈≈≈≈..# #@#
≈≈≈≈≈≈..###r#
≈≈≈≈≈....#..#
≈≈≈≈≈......##
.≈≈≈≈≈.....#
.≈≈≈≈.r...##
.≈≈≈.....÷##
r≈≈......÷.##
≈≈≈≈........##


You could see a river rat.

Vanquished Creatures
  A scorpion (D:4)
  7 adders
  4 river rats (Sewer)
  An ooze (D:1)
  5 giant geckos
  5 orcs
  A giant cockroach (D:2)
  11 goblins
  7 hobgoblins
  4 ball pythons (Sewer)
  4 bats
  6 giant newts
  11 jackals
  6 kobolds
  4 quokkas
  18 rats
95 creatures vanquished.

Notes
Turn   | Place    | Note
--------------------------------------------------------------
     0 | D:1      | Ponchio the Deep Elf Venom Mage began the quest for the Orb.
     0 | D:1      | Reached XP level 1. HP: 10/10 MP: 6/6
   134 | D:1      | Reached skill level 1 in Conjurations
   215 | D:1      | Reached XP level 2. HP: 15/15 MP: 6/8
  1073 | D:2      | Reached XP level 3. HP: 19/19 MP: 3/9
  1127 | D:2      | Learned a level 3 spell: Mephitic Cloud
  1666 | D:2      | Found an opulent altar of Gozag.
  1896 | D:2      | Reached XP level 4. HP: 24/24 MP: 4/10
  2139 | D:3      | Learned a level 2 spell: Cure Poison
  2296 | D:3      | Noticed ady5's ghost (weakling SpEn)
  2664 | D:3      | Reached skill level 1 in Air Magic
  3389 | D:4      | Reached XP level 5. HP: 28/28 MP: 6/11
  3519 | D:4      | Found a staircase to the Ecumenical Temple.
  3610 | D:4      | Found a glowing drain.
  3619 | Sewer    | Entered a sewer
  3809 | Sewer    | Reached skill level 5 in Conjurations
  4243 | Sewer    | Slain by a river rat

Action                   |  1- 3 |  4- 6 || total
-------------------------+-------+-------++-------
Melee: Spear             |     1 |       ||     1
       Dagger            |       |    61 ||    61
 Cast: Sting             |    72 |   119 ||   191
       Mephitic Cloud    |       |     2 ||     2
  Use: Scroll            |       |    14 ||    14
       Potion            |       |     3 ||     3
  Eat: Chunk             |     3 |     7 ||    10
